 Dungeon Crawl Stone Soup version 0.25-a0-634-gd1561dc703 (webtiles) character file.

Game seed: 13897777620359895687, levelgen mode: deterministic

38 DasRunzen the Grave Robber (level 3, -8/26 (28) HPs)
             Began as a Ghoul Necromancer on Mar 20, 2020.
             Mangled by a gnoll (9 damage)
             ... on level 2 of the Dungeon.
             The game lasted 00:09:33 (1321 turns).

DasRunzen the Grave Robber (Ghoul Necromancer)      Turns: 1321, Time: 00:09:34

HP:   -8/26 (28)    AC:  3    Str: 11    XL:     3   Next: 43%
MP:   0/5           EV: 12    Int: 11    God:
Gold: 72            SH:  0    Dex:  9    Spells: 1/6 levels left

rFire    . . .     SeeInvis .   (no weapon)
rCold    + . .     Gourm    .   (no shield)
rNeg     + + +     Faith    .   a - +0 robe
rPois    ∞         Spirit   .   f - +0 helmet
rElec    .         Reflect  .   (no cloak)
rCorr    .         Harm     .   (no gloves)
MR       .....                  (no boots)
Stlth    ++........             (no amulet)
HPRegen  0.00/turn              (no ring)
MPRegen  0.09/turn              (no ring)

@: rotting
A: rotting body, claws 1, carnivore, cold resistance 1, negative energy
resistance 3, inhibited regeneration, torment resistance, unbreathing
a: no special abilities


You were on level 2 of the Dungeon.
You were not hungry.

You visited 1 branch of the dungeon, and saw 2 of its levels.

You collected 72 gold pieces.

Inventory:

Armour
 a - a +0 robe (worn)
 f - a +0 helmet (worn)
Scrolls
 e - a scroll of identify
Potions
 b - a potion of brilliance
 d - a potion of might {unknown}
Comestibles
 c - 3 rations


   Skills:
 + Level 1.3 Fighting
 + Level 2.2 Dodging
 - Level 2.1 Stealth
 + Level 2.2 Spellcasting
 + Level 4.3 Necromancy


You had one spell level left.
You knew the following spells:

 Your Spells              Type           Power        Failure   Level  Hunger
a - Pain                  Necr           ##..         4%          1    ##.....
b - Animate Skeleton      Necr           N/A          4%          1    ##.....
c - Vampiric Draining     Necr           ##........   14%         3    ####...

Your spell library contained the following spells:

 Spells                   Type           Power        Failure   Level  Hunger
 Animate Dead             Necr           N/A          43%         4    #####..
 Agony                    Necr           ##......     80%         5    ######.


Dungeon Overview and Level Annotations

Branches:
Dungeon (2/15)

Altars:

Annotations:
D:2 Sigmund


Innate Abilities, Weirdness & Mutations

Your body is rotting away.
You thrive on raw meat.
You are immune to poison.
You have sharp fingernails.
You are carnivorous and can eat meat at any time.
Your flesh is cold resistant. (rC+)
You are immune to negative energy. (rN+++)
You do not regenerate when monsters are visible.
You are immune to unholy pain and torment.
You can survive without breathing.


Message History

* * * LOW HITPOINT WARNING * * *
Casting: Pain (safe; 4% risk of failure)
Confirm with . or Enter, or press ? or * to list all spells.
Aiming: Pain (safe; 4% risk of failure)
Press: ? - help, Shift-Dir - straight line, f/p - gnoll
Aim: a gnoll (moderately wounded, chance to defeat MR: 71%)
The gnoll struggles to resist.
The gnoll closely misses you.
Casting: Pain (safe; 4% risk of failure)
Confirm with . or Enter, or press ? or * to list all spells.
Aiming: Pain (safe; 4% risk of failure)
Press: ? - help, Shift-Dir - straight line, f/p - gnoll
Aim: a gnoll (moderately wounded, chance to defeat MR: 71%)
The gnoll struggles to resist.
The gnoll misses you.
Casting: Pain (safe; 4% risk of failure)
Confirm with . or Enter, or press ? or * to list all spells.
Aiming: Pain (safe; 4% risk of failure)
Press: ? - help, Shift-Dir - straight line, f/p - gnoll
Aim: a gnoll (moderately wounded, chance to defeat MR: 71%)
The gnoll writhes in agony.
The gnoll hits you!
You die...

.#.. g.. ..
### #.
.....#.####
..........#
#.#..#†##.#
#. #. #g#
#. #@# #.
#.# #r #.#
..
#.####.##
..
#..<....#
######..# #


You could see a gnoll.

Vanquished Creatures
  2 dart slugs (D:1)
  2 leopard geckos (D:1)
  6 bats
  4 giant cockroaches (D:1)
  4 hobgoblins (D:1)
  2 jackals (D:1)
  A ball python (D:1)
  2 frilled lizards
  4 goblins (D:1)
  A kobold (D:1)
28 creatures vanquished.

Notes
Turn   | Place    | Note
-------+----------+-------------------------------------------
     0 | D:1      | DasRunzen the Ghoul Necromancer began the quest for the
                  | Orb.
     0 | D:1      | Reached XP level 1. HP: 14/14 MP: 2/2
    39 | D:1      | Learned a level 1 spell: Animate Skeleton
   153 | D:1      | Reached XP level 2. HP: 22/22 MP: 0/3
   468 | D:1      | Reached skill level 1 in Fighting
   546 | D:1      | Reached XP level 3. HP: 11/27 MP: 0/5
   553 | D:1      | Learned a level 3 spell: Vampiric Draining
   913 | D:2      | Noticed Sigmund
  1318 | D:2      | HP: 1/26 [gnoll (5)]
  1321 | D:2      | Mangled by a gnoll

Levels and vault maps discovered:
D:1:      dpeg_arrival_signposts, layout_rooms
D:2:      layout_loops_ring, chequers_ecumenical_altar_island, minmay_cut_off,
          uniq_terence, uniq_sigmund

Skill      XL: |  1  2 |
---------------+-------+-----
Dodging        | 2 |  2.2
Spellcasting   | 2 |  2.2
Fighting       | 1 |  1.3
Stealth        | |  2.1
Necromancy     | |  4.3

Action                   || total
-------------------------++-------
Melee: Unarmed           ||    83
 Cast: Pain              ||    38
       Animate Skeleton  ||     3
  Use: Scroll            ||     1
 Stab: Sleeping          ||     1
  Eat: Chunk             ||    12
Armor: Robe              ||    30
Dodge: Dodged            ||    64

Table legend:
 A = Non-vault XP
 B = Vault XP
 C = Vault XP percentage of total XP
 D = Non-vault monster count
 E = Vault monster count
 F = Vault count percentage of total count
                 A         B        C        D         E       F
            +---------+---------+-------+---------+---------+-------
      Total |      55 |       0 |   0.0 |      28 |       0 |   0.0
            +---------+---------+-------+---------+---------+-------
        D:1 |      52 |       0 |   0.0 |      26 |       0 |   0.0
        D:2 |       3 |       0 |   0.0 |       2 |       0 |   0.0
            +---------+---------+-------+---------+---------+-------
